 Dungeon Crawl Stone Soup version 0.31-a0-841-g038b102fc3 (webtiles) character file.

Game seed: 1335283004316741836

48 Kurtz the Chopper (level 3, -1/26 HPs)
             Began as an Octopode Fighter on Sept 27, 2023.
             Slain by a gnoll
             ... wielding a +0 flail
              (9 damage)
             ... on level 2 of the Dungeon.
             The game lasted 00:00:37 (898 turns).

Kurtz the Chopper (Octopode Fighter)                 Turns: 898, Time: 00:00:37

Health: -1/26      AC:  1    Str: 17    XL:     3   Next: 72%
Magic:  3/3        EV: 13    Int: 10    God:
Gold:   72         SH:  4    Dex: 11    Spells: 2/2 levels left

rFire   . . .        a - +0 war axe
rCold   . . .        b - +0 buckler
rNeg    . . .        (helmet restricted)
rPois   .            (no amulet)
rElec   .            (no ring)
rCorr   .            (no ring)
SInv    .            (no ring)
Will    .....        (no ring)
Stlth   ++           (no ring)
HPRegen 0.24/turn    (no ring)
MPRegen 0.08/turn    (no ring)
                     (no ring)

%: no passive effects
@: mighty
A: almost no armour, amphibious, 8 rings, camouflage 1, gelatinous body 1,
(nimble swimmer 1), tentacles
a: no special abilities


You were on level 2 of the Dungeon.
You visited 1 branch of the dungeon, and saw 2 of its levels.

You collected 72 gold pieces.

Inventory:

Hand Weapons
 a - a +0 war axe (weapon)
Armour
 b - a +0 buckler (worn)
Jewellery
 d - a ring of fire
 n - a +6 ring of strength
Scrolls
 e - a scroll of noise {unknown}
 f - a scroll of fog {unknown}
 g - 2 scrolls of blinking {unknown}
 i - a scroll of teleportation {unknown}
 j - 2 scrolls of poison {unknown}
 k - 2 scrolls of amnesia {unknown}
 l - 3 scrolls of immolation {unknown}
Potions
 h - a potion of degeneration {unknown}
 m - a potion of curing {unknown}


   Skills:
 - Level 3.0 Fighting
 * Level 4.0 Axes
 - Level 3.0 Dodging
 - Level 3.0 Shields


You had 2 spell levels left.
You didn't know any spells.
Your spell library contained the following spells:

 Spells                   Type           Power      Damage    Failure   Level
 Shock                    Conj/Air       0%         1d3       43%         1
 Lesser Beckoning         Tloc           0%         N/A       58%         2
 Call Canine Familiar     Summ           0%         N/A       82%         3
 Gell's Gravitas          Tloc           0%         N/A       82%         3
 Sigil of Binding         Hex            0%         N/A       82%         3
 Swiftness                Air            0%         N/A       82%         3
 Teleport Other           Tloc           0%         N/A       82%         3
 Airstrike                Air            0%         2d(0-16)  99%         4
 Dimensional Bullseye     Hex/Tloc       0%         N/A       99%         4
 Leda's Liquefaction      Hex/Erth       0%         N/A       99%         4


Dungeon Overview and Level Annotations

Branches:
Dungeon (2/15)

Altars:
Wu Jian


Innate Abilities, Weirdness & Mutations

You cannot wear most types of armour.
You are amphibious.
You can wear up to eight rings at the same time.
Your skin changes colour to match your surroundings (Stealth+).
Your rubbery body absorbs attacks. (AC +1, EV +1)
((You are camouflaged when in or above water. (Stealth+)))
You have tentacles for arms and can constrict up to eight enemies at once.


Message History

The worm closely misses you.
There are monsters nearby!
You slash the worm! You squeeze the worm.
The worm is severely wounded.
You constrict the worm, but do no damage.
The worm misses you.
There are monsters nearby!
You slash the worm!
You kill the worm!
A dart slug comes into view.
A gnoll comes into view. It is wielding a +0 flail.
You see here a worm corpse.
There are monsters nearby!
The gnoll shouts!
You slash the gnoll! Your grab misses the gnoll.
The gnoll is heavily wounded.
The gnoll barely misses you. The gnoll closely misses you.
The gnoll hits you from afar with a +0 spear.
There are monsters nearby!
You barely miss the gnoll. You grab the gnoll.
The gnoll is heavily wounded.
You constrict the gnoll. The gnoll closely misses you.
The gnoll hits you from afar with a +0 spear!
A gnoll comes into view. It is wielding a +0 club.
There are monsters nearby!
You hit the gnoll. You squeeze the gnoll.
You kill the gnoll!
The gnoll closely misses you.
Your Axes skill increases to level 4!
Found a fuming purple potion.
The gnoll hits you with a +0 spear.
You are too injured to fight recklessly!
Unknown command.
You feel very mighty all of a sudden. The gnoll hits you with a +0 spear.
* * * LOW HITPOINT WARNING * * *
Unknown command.
You slash the dart slug!
You kill the dart slug!
You hit the gnoll. x2; The gnoll hits you with a +0 flail!
You die...

#..........#####.###....)...#####
#..........#####.##########.#
####.......##.....# #.#
#.....####.....# #.# ........>#
#.._..## .# .........# #......#
~.~~~....# #......# .........#
##.)†..# .~~......# #.!@..#
.........# #.gg..# #...:.#
#.g...# ......# ##.....# ....###
.!...#


You could see 3 gnolls.

Vanquished Creatures
  A gnoll (D:2)
  A worm (D:2)
  3 dart slugs
  An endoplasm (D:1)
  A giant cockroach (D:1)
  2 goblins
  4 hobgoblins (D:1)
  2 jackals (D:1)
  3 ball pythons
  4 bats
  3 frilled lizards
  5 kobolds
  A rat (D:1)
31 creatures vanquished.

Notes
Turn   | Place    | Note
-------+----------+-------------------------------------------
     0 | D:1      | Kurtz the Octopode Fighter began the quest for the Orb.
     0 | D:1      | Reached XP level 1. HP: 16/16 MP: 1/1
   189 | D:1      | Reached XP level 2. HP: 21/21 MP: 2/2
   282 | D:1      | Reached skill level 3 in Axes
   546 | D:1      | Reached XP level 3. HP: 26/26 MP: 3/3
   798 | D:2      | Found an ornate altar of the Wu Jian Council.
   896 | D:2      | Reached skill level 4 in Axes
   898 | D:2      | Slain by a gnoll

Illustrated notes

Levels and vault maps discovered:
D:1:      zelgadis_glass_arrival_small, layout_basic, minmay_hexomino_u4
D:2:      layout_basic, basic_altar, chequers_serial_rivers_micro_c

Skill      XL: |  1  2  3 |
---------------+----------+-----
Axes           | 3 4 |  4.0
Fighting       | |  3.0
Dodging        | |  3.0
Shields        | |  3.0

Action                     || total
---------------------------++-------
  Melee: War axe           ||    59
         Constrict         ||    17
         Tentacles         ||    10
    Use: Potion            ||     1
   Stab: Sleeping          ||     8
 Armour: Skin              ||    26
  Dodge: Dodged            ||    35
  Block: Buckler           ||     9

Table legend: (Time is in decaauts)
 A = Elapsed time spent in this place.
 B = Non-inter-level travel time spent in this place.
 C = Inter-level travel time spent in this place.
 D = Time resting spent in this place.
 E = Time spent auto-exploring this place.
 F = Levels seen in this place.
 G = Mean time per level.
                   A        B        C        D        E       F      G
               +--------+--------+--------+--------+--------+-----+--------+
         Total |    920 |    913 |      7 |     76 |    647 |   2 |  460.0 |
       Dungeon |    920 |    913 |      7 |     76 |    647 |   2 |  460.0 |
               +--------+--------+--------+--------+--------+-----+--------+

Top non-repeatable levels by time:
     D:1: 731 daAuts
     D:2: 189 daAuts
